 Dungeon Crawl Stone Soup version 0.30-a0-1082-g70414cbcbb (webtiles) character file.

Game seed: 3516199264696686455

1811 xian the Scratcher (level 8, -4/38 HPs)
             Began as a Felid Wanderer on Apr 16, 2023.
             Was an Elder of Qazlal.
             Slain by a vampire
             ... wielding a +1 vampiric halberd
              (9 damage)
             ... in a bailey.
             The game lasted 00:28:58 (7990 turns).

xian the Scratcher (Felid Wanderer)                 Turns: 7990, Time: 00:28:58

Health: -4/38      AC:  6    Str: 13    XL:     8   Next: 84%
Magic:  19/19      EV: 20    Int: 12    God:    Qazlal [****..]
Gold:   408        SH:  5    Dex: 18    Spells: 15/20 levels left
                                        Lives:  0   Deaths: 2

rFire   . . .      SeeInvis +      - Unarmed
rCold   . . .      Faith    .    (shield unavailable)
rNeg    . . .      Spirit   .    (body armour unavailable)
rPois   +          Reflect  .    (helmet unavailable)
rElec   .          Rampage  .    (cloak unavailable)
rCorr   .                        (gloves unavailable)
Will    +....                    (boots unavailable)
Stlth   +                        i - amulet of magic regeneration
HPRegen 0.26/turn                f - ring of wizardry
MPRegen 0.56/turn                q - +4 ring of protection

@: hasted, invisible, repel missiles, very quick
A: very small, claws 1, fangs 3, see invisible, speed 1, shaggy fur 2, stealthy
paws, no weapons or thrown items, no armour, multi-lived, poison resistance,
strong 1, subdued magic 1
a: Renounce Religion, Upheaval, Elemental Force


You were in a bailey.
You worshipped Qazlal.
Qazlal was greatly pleased with you.
You visited 1 branch of the dungeon, and saw 7 of its levels.
You also visited: Sewer, Ossuary and Bailey.

You collected 408 gold pieces.

Inventory:

Jewellery
 f - a ring of wizardry (left paw)
 i - an amulet of magic regeneration (around neck)
 k - a ring of poison resistance
 q - a +4 ring of protection (right paw)
 v - a ring of willpower
 B - a ring of protection from cold
 F - a ring of flight
Wands
 l - a wand of charming (24)
Scrolls
 a - 3 scrolls of fear
 d - 4 scrolls of teleportation
 g - 3 scrolls of vulnerability
 h - a scroll of amnesia
 n - 3 scrolls of poison {unknown}
 p - a scroll of fog
 r - a scroll of blinking
 s - 2 scrolls of magic mapping {unknown}
 t - 2 scrolls of identify
 u - a scroll of silence
 w - a scroll of immolation
 y - a scroll of summoning
 A - a scroll of brand weapon {unknown}
Potions
 b - 8 potions of curing
 c - 3 potions of lignification
 e - a potion of ambrosia
 j - a potion of brilliance
 m - a potion of mutation
 o - 2 potions of attraction
 D - a potion of haste


   Skills:
 + Level 5.7 Fighting
 + Level 6.1 Dodging
 + Level 2.2 Stealth
 + Level 7.5 Unarmed Combat
 * Level 6.9 Spellcasting
 + Level 3.2 Conjurations
 + Level 0.5 Summonings
 * Level 5.7 Air Magic
 + Level 0.1 Invocations
 + Level 0.1 Evocations


You had 15 spell levels left.
You knew the following spells:

 Your Spells              Type           Power      Damage    Failure   Level
a - Shock                 Conj/Air       44%        1d5       1%          1
b - Swiftness             Air            13%        N/A       1%          3
c - Summon Small Mammal   Summ           16%        N/A       4%          1

Your spell library contained the following spells:

 Spells                   Type           Power      Damage    Failure   Level
 Poisonous Vapours        Pois/Air       16%        N/A       2%          2
 Airstrike                Air            6%         2d(1-17)  5%          4
 Apportation              Tloc           6%         N/A       6%          1
 Necrotise                Necr           12%        1d4       6%          1
 Sting                    Tmut/Pois      12%        1d3       6%          1
 Olgreb's Toxic Radiance  Pois           3%         N/A       50%         4
 Alistair's Intoxication  Tmut/Pois      2%         N/A       83%         5
 Borgnjor's Vile Clutch   Necr/Erth      1%         N/A       83%         5
 Eringya's Noxious Bog    Tmut/Pois      1%         N/A       100%        6


Dungeon Overview and Level Annotations

Branches:
Dungeon (7/15)             Temple (0/1) D:6           Sewer (visited)
Ossuary (visited)          Bailey (1/1)

Altars:
Gozag
Okawaru
Qazlal
Trog


Innate Abilities, Weirdness & Mutations

You have sharp claws.
You have razor-sharp teeth.
You have supernaturally acute eyesight. (SInv)
You cover ground quickly. (Speed+)
You are covered in thick fur. (AC +2)
Your paws help you pounce on unaware monsters.
You are incapable of wielding weapons or throwing items.
You cannot wear armour.
You gain extra lives every three experience levels.
Your system is resistant to poisons. (rPois)
Your muscles are strong. (Str +4, Int/Dex -1)
Your spells are a little easier to cast, but a little less powerful.


Message History

It was a potion of magic.
Magic courses through your body.
It was a potion of haste.
You feel yourself speed up.
The vampire points at you and mumbles some strange words.
You easily resist.
It was a potion of invisibility.
You fade into invisibility!
The vampire points at you and mumbles some strange words.
You easily resist.
The vampire hits you with a +1 vampiric halberd!
The vampire bites you.
The vampire draws strength from your injuries!
You scratch the vampire but do no damage.
Your bite misses the vampire.
The vampire hits you with a +1 vampiric halberd!!
Ouch! That really hurt!
* * * LOW HITPOINT WARNING * * *
The vampire closely misses you.
You closely miss the vampire.
You scratch the vampire but do no damage.
The vampire barely misses you. The vampire misses you.
You scratch the vampire but do no damage.
Your claw misses the vampire. You barely miss the vampire.
The vampire hits you with a +1 vampiric halberd.
* * * LOW HITPOINT WARNING * * *
The vampire barely misses you.
You scratch the vampire but do no damage.
You scratch the vampire but do no damage.
Your bite misses the vampire. The vampire completely misses you.
The vampire misses you.
You claw the vampire!
The vampire is moderately damaged.
The vampire closely misses you. The vampire completely misses you.
You scratch the vampire but do no damage.
The vampire is moderately damaged.
You scratch the vampire but do no damage.
You bite the vampire, but do no damage.
The vampire is moderately damaged.
The vampire closely misses you. The vampire bites you!
You die...

##### ##8).8 ##[)...
#8..##. #..####
#############..####
#.[#.......8#...##.
#..#8.......##.....
#.@#######...##....
#)V#8....##...##''#
####'#..)...#........
#....#..))...........
#....#...#....#######
#....'...##..##.....8
#....'....####.......
#....####...#...♣....
#....# #......♣....#


You could see a vampire.

Vanquished Creatures
  A gargoyle (Bailey)
  Eustachio (D:6)
  Edmund (D:6)
  A water moccasin (D:6)
  Duvessa (D:6)
  2 black bears (D:6)
  2 ogres
  An elf zombie (D:6)
  3 bullfrogs
  9 scorpions (Ossuary)
  2 elf skeletons (D:6)
  Dowan (D:6)
  7 vampire bats (Bailey)
  A wolf zombie (Bailey)
  A jelly (D:6)
  5 hounds
  A centaur zombie (Ossuary)
  A gnoll bouda (D:5)
  2 human skeletons (D:6)
  A human zombie (Ossuary)
  An orc priest (D:6)
  4 iguanas
  A sleepcap (D:4)
  2 orc wizards (D:7)
  4 scorpion zombies (Ossuary)
  3 mummies (Ossuary)
  4 gnolls (D:5)
  11 adders
  2 ufetubi
  4 worms
  4 orcs
  2 bats (D:1)
  15 endoplasms
  13 giant cockroaches
  7 goblins
  3 hobgoblins
  9 jackals
  13 quokkas
  17 ball pythons
  24 frilled lizards
  2 gnoll zombies (Ossuary)
  2 goblin zombies (Ossuary)
  2 hobgoblin zombies (Ossuary)
  7 kobolds
  A kobold zombie (Ossuary)
  An orc skeleton (D:6)
  18 orc zombies
  9 rats
229 creatures vanquished.

Vanquished Creatures (others)
  6 plants (D:2)
6 creatures vanquished.

Grand Total: 235 creatures vanquished

Notes
Turn   | Place    | Note
-------+----------+-------------------------------------------
     0 | D:1      | xian the Felid Wanderer began the quest for the Orb.
     0 | D:1      | xian set off with the following items: 2 scrolls of fear, 2
                  | potions of curing, a potion of lignification.
     0 | D:1      | Reached XP level 1. HP: 12/12 MP: 2/2
   263 | D:1      | Reached XP level 2. HP: 15/16 MP: 3/3
   771 | D:2      | Reached XP level 3. HP: 18/19 MP: 4/4
  1142 | D:2      | Reached skill level 4 in Unarmed Combat
  1280 | D:2      | Found a faded altar of an unknown god.
  1302 | D:2      | Reached XP level 4. HP: 23/23 MP: 5/5
  1302 | D:2      | Prayed at the altar of an unknown god.
  1302 | D:2      | Became a worshipper of Qazlal Stormbringer
  1302 | D:2      | Reached * piety under Qazlal
  1513 | D:3      | Found an opulent altar of Gozag.
  1564 | D:3      | Reached skill level 1 in Stealth
  1604 | D:3      | HP: 1/23 [worm (11)]
  2180 | D:3      | Found an iron altar of Okawaru.
  2197 | D:3      | Found a bloodstained altar of Trog.
  2605 | D:4      | Found a glowing drain.
  2617 | D:4      | Reached ** piety under Qazlal
  2751 | Sewer    | Entered a sewer
  2771 | Sewer    | Learned a level 1 spell: Shock
  2840 | Sewer    | Reached XP level 5. HP: 24/27 MP: 6/6
  3018 | Sewer    | Reached skill level 1 in Spellcasting
  3038 | Sewer    | Learned a level 3 spell: Swiftness
  3094 | Sewer    | Reached *** piety under Qazlal
  3146 | Sewer    | Slain by a bullfrog
  3147 | Sewer    | Reached XP level 4. HP: 0/23 MP: 7/7
  3184 | Sewer    | Killed a bullfrog
  3185 | Sewer    | Reached skill level 1 in Conjurations
  3185 | Sewer    | Reached skill level 1 in Air Magic
  3185 | Sewer    | Reached XP level 5. HP: 12/27 MP: 5/8
  3964 | D:4      | Gained mutation: You are covered in thick fur. (AC +2)
                  | [Felid growth]
  3964 | D:4      | Reached XP level 6. HP: 6/30 MP: 10/10
  4284 | D:5      | Entered Level 5 of the Dungeon
  4562 | D:5      | Learned a level 1 spell: Summon Small Mammal
  4641 | D:5      | Reached XP level 7. HP: 27/33 MP: 13/13
  5392 | D:6      | Reached **** piety under Qazlal
  5393 | D:6      | Reached skill level 5 in Unarmed Combat
  5520 | D:6      | Found a sand-covered staircase.
  5527 | Ossuary  | Entered an ossuary
  5602 | Ossuary  | Reached XP level 8. HP: 28/37 MP: 13/15
  5616 | Ossuary  | Reached skill level 6 in Unarmed Combat
  5988 | Ossuary  | Reached skill level 5 in Spellcasting
  6007 | Ossuary  | Reached skill level 5 in Dodging
  6385 | D:6      | Noticed Edmund
  6392 | D:6      | Noticed Duvessa
  6395 | D:6      | Noticed Dowan
  6441 | D:6      | Killed Edmund
  6444 | D:6      | Reached skill level 7 in Unarmed Combat
  6447 | D:6      | Killed Duvessa
  6448 | D:6      | Reached XP level 9. HP: 23/36 MP: 18/18
  6592 | D:6      | Reached skill level 5 in Air Magic
  6761 | D:6      | Killed Dowan
  6839 | D:6      | Found a staircase to the Ecumenical Temple.
  7034 | D:6      | Noticed Eustachio
  7210 | D:6      | Killed Eustachio
  7300 | D:7      | Found a flagged portal.
  7334 | Bailey   | Entered a bailey
  7389 | Bailey   | Reached ***** piety under Qazlal
  7568 | Bailey   | Noticed a gargoyle
  7617 | Bailey   | Killed a gargoyle
  7857 | Bailey   | Mangled by a vampire
  7858 | Bailey   | Reached XP level 8. HP: -9/38 MP: 18/18
  7868 | Bailey   | Identified the +6 dagger "Nolerr" {spect, *Noise Str+4
                  | Int+4}
  7973 | Bailey   | Gained mutation: Your spells are a little easier to cast,
                  | but a little less powerful. [potion of mutation]
  7973 | Bailey   | Gained mutation: Your system is resistant to poisons.
                  | (rPois) [potion of mutation]
  7973 | Bailey   | Gained mutation: Your muscles are strong. (Str +4, Int/Dex
                  | -1) [potion of mutation]
  7990 | Bailey   | Slain by a vampire

Illustrated notes

Levels and vault maps discovered:
D:1:      evilmike_arrival_fibonacci_small, layout_loops_cross
D:2:      layout_loops_ring, chequers_ecumenical_altar_simple_redux,
          minmay_lizard_king
D:3:      layout_basic, trog_three_pillars_becter,
          nicolae_overflow_hidden_temple
D:4:      layout_basic, portal_sewer_entry_b
D:5:      layout_basic
D:6:      layout_rooms, minmay_temple_entry_nine_rooms,
          nicolae_ossuary_entry_catacombs, uniq_duvessa, uniq_edmund,
          uniq_eustachio
D:7:      layout_rooms, mainiacjoe_overflow_divided_tiny, enter_bailey_2,
          uniq_prince_ribbit1, uniq_crazy_yiuf_cottage
Bailey:   bailey_polearm_vampire_castle_hellmonk, bailey

Skill      XL: |  1  2  3  4  5  6  7  8  9 |
---------------+----------------------------+-----
Unarmed Combat | 4 5 7 |  7.5
Dodging        | 3 4 6 |  6.1
Stealth        | 1 2 |  2.2
Spellcasting   | 2 3 4 5 6 |  6.9
Conjurations   | 1 2 3 |  3.2
Air Magic      | 1 2 3 4 5 |  5.7
Fighting       | |  5.7
Summonings     | |  0.5
Invocations    | |  0.1
Evocations     | |  0.1

Action                     |  1- 3 |  4- 6 |  7- 9 || total
---------------------------+-------+-------+-------++-------
  Melee: Unarmed           |   137 |   219 |   357 ||   713
         Bite              |    10 |    23 |    58 ||    91
         Punch             |     2 |     5 |    20 ||    27
   Cast: Shock             |       |   137 |   177 ||   314
         Swiftness         |       |     1 |    12 ||    13
         Summon Small Mamm |       |     2 |     2 ||     4
 Invoke: Upheaval          |       |       |     3 ||     3
  Evoke: Wand              |       |       |     2 ||     2
    Use: Scroll            |       |     6 |     5 ||    11
         Potion            |       |       |    14 ||    14
   Stab: Sleeping          |     2 |       |       ||     2
 Armour: Skin              |     5 |    14 |    61 ||    80
  Dodge: Dodged            |    92 |   244 |   371 ||   707
         Repelled          |       |       |     3 ||     3
  Block: Other             |       |    36 |    88 ||   124

Table legend: (Time is in decaauts)
 A = Elapsed time spent in this place.
 B = Non-inter-level travel time spent in this place.
 C = Inter-level travel time spent in this place.
 D = Time resting spent in this place.
 E = Time spent auto-exploring this place.
 F = Levels seen in this place.
 G = Mean time per level.
                   A        B        C        D        E       F      G
               +--------+--------+--------+--------+--------+-----+--------+
         Total |   6980 |   6815 |    165 |      0 |   4398 |  10 |  698.0 |
       Dungeon |   5198 |   5033 |    165 |      0 |   3582 |   7 |  742.6 |
         Sewer |    519 |    519 |      0 |      0 |    165 |   1 |  519.0 |
       Ossuary |    679 |    679 |      0 |      0 |    402 |   1 |  679.0 |
        Bailey |    583 |    583 |      0 |      0 |    248 |   1 |  583.0 |
               +--------+--------+--------+--------+--------+-----+--------+

Top non-repeatable levels by time:
     D:4: 1150 daAuts
     D:6: 1099 daAuts
     D:5: 830 daAuts
     D:3: 782 daAuts
 Ossuary: 679 daAuts
     D:2: 652 daAuts
     D:1: 614 daAuts
  Bailey: 583 daAuts
   Sewer: 519 daAuts
     D:7: 69 daAuts
